 Dungeon Crawl Stone Soup version 0.17.0-15-g6d90897 (webtiles) character file.

69 Ijustatesigmund the Sneak (level 4, 0/27 HPs)
             Began as an Octopode Wizard on Nov 10, 2015.
             Slain by a hobgoblin
             ... wielding a +0 club
             ... led by Robin
              (7 damage)
             ... on level 2 of the Dungeon.
             The game lasted 00:09:22 (2391 turns).

Ijustatesigmund the Sneak (Octopode Wizard)         Turns: 2391, Time: 00:09:22

Health: 0/27       AC:  2    Str:  6    XL:     4   Next: 20%
Magic:  5/8        EV:  7    Int: 20    God:
Gold:   115        SH:  0    Dex: 11    Spells: 3 memorised, 4 levels left

rFire  . . .     SeeInvis .     d - +1 short sword
rCold  . . .     Clarity  .     (no shield)
rNeg   . . .     SustAt   .     a - +1 hat
rPois  .         Gourm    .     (no amulet)
rElec  .         Spirit   .     (no ring)
rCorr  .         Warding  .     (no ring)
rMut   .         Stasis   .     (no ring)
MR     .....                    (no ring)
Stlth  ++++......               (no ring)
                                (no ring)
                                (no ring)
                                (no ring)

@: repel missiles, not resistant to hostile enchantments, stealthy
A: almost no armour, amphibious, 8 rings, constrict 8, camouflage 1, gelatinous
body 1
a: no special abilities


You were on level 2 of the Dungeon.
You were not hungry.

You visited 1 branch of the dungeon, and saw 2 of its levels.

You collected 115 gold pieces.

Inventory:

Hand Weapons
 d - a +1 short sword (weapon)
Armour
 a - a +1 hat (worn)
Scrolls
 e - a scroll of teleportation
 k - a scroll of enchant armour
Potions
 i - a potion of cancellation
 j - a potion of magic
Books
 b - a book of Minor Magic

   Spells                             Type                      Level
   a - Magic Dart                     Conjuration                  1
   b - Blink                          Translocation                2
   c - Call Imp                       Summoning                    2
   d - Repel Missiles                 Charms/Air                   2
   e - Slow                           Hexes                        2
   f - Conjure Flame                  Conjuration/Fire             3
   g - Mephitic Cloud                 Conjuration/Poison/Air       3
Comestibles
 c - a bread ration
 g - 2 meat rations
 o - 2 fruits


   Skills:
 + Level 1.6 Short Blades
 - Level 2.0 Dodging
 + Level 4.0 Stealth
 - Level 3.0 Spellcasting
 + Level 2.6 Conjurations
   Level 1.0 Summonings
 - Level 1.0 Translocations


You had 4 spell levels left.
You knew the following spells:

 Your Spells              Type           Power        Failure   Level  Hunger
a - Magic Dart            Conj           ##..         6%          1    None
b - Blink                 Tloc           N/A          17%         2    ##.....
c - Repel Missiles        Chrm/Air       #.....       24%         2    ##.....


Dungeon Overview and Level Annotations

Branches:
Dungeon (2/15)

Altars:

Annotations:
D:2 Robin


Innate Abilities, Weirdness & Mutations

You cannot wear most types of armour.
You are amphibious.
You can wear up to eight rings at the same time.
You can use your tentacles to constrict eight enemies at once.
Your skin changes colour to match your surroundings (Stealth).
Your rubbery body absorbs attacks (AC +1).


Message History

Robin is moderately wounded.
Robin hits you from afar with a spear.
The goblin shoots a stone.
The stone closely misses you.
Casting: Magic Dart
Confirm with . or Enter, or press ? or * to list all spells.
Aiming: Magic Dart
Press: ? - help, Shift-Dir - straight line, f/p - Robin
Aim: Robin, wielding a spear, wearing an animal skin and wearing a helmet (moderately wounded)
The magic dart hits Robin.
Robin is severely wounded.
Robin barely misses you.
You hit the goblin.
You kill the goblin!
Robin hits you from afar with a spear.
You hit the goblin.
You kill the goblin!
Robin hits you from afar with a spear.
* * * LOW HITPOINT WARNING * * *
Robin hits you but does no damage. The hobgoblin hits you with a club!
You die...

(...)..............g.g.......
###########'####.#g....g.....
#.# #.#.##h.##..g)
###########.# #.#h##..# ...
.......w....# #.#รท##..#
......##########....g..#
......+.......)g.#.##..#
......##.....###g#.###.####
......##.....# #@#.....g...
......##.....#####."###.###
###+#........+..<.........#
#.#.#......###.#..###.#.#
#.#.#....### #.#..#
#.#.#....# #.#..###.#.#
#.#.#....# #.#........#
#.#.#....#####.#.####..##
#.#.#............# .


You could see Robin and a hobgoblin (frenzied).

Vanquished Creatures
  2 adders (D:2)
  An ooze (D:1)
  2 worms
  A giant gecko (D:2)
  A ball python (D:1)
  3 giant cockroaches (D:1)
  8 goblins
  4 hobgoblins
  5 jackals
  A kobold (D:1)
  A quokka (D:2)
  6 bats
  4 giant newts
  4 rats
43 creatures vanquished.

Notes
Turn   | Place    | Note
--------------------------------------------------------------
     0 | D:1      | Ijustatesigmund the Octopode Wizard began the quest for the Orb.
     0 | D:1      | Reached XP level 1. HP: 11/11 MP: 4/4
   429 | D:1      | Reached XP level 2. HP: 17/17 MP: 0/6
   433 | D:1      | Learned a level 2 spell: Blink
   436 | D:1      | Learned a level 2 spell: Repel Missiles
  1236 | D:1      | Reached XP level 3. HP: 21/21 MP: 5/7
  1425 | D:2      | Reached skill level 1 in Short Blades
  1928 | D:2      | Reached XP level 4. HP: 24/27 MP: 8/8
  2264 | D:2      | Noticed Robin
  2382 | D:2      | Reached skill level 4 in Stealth
  2391 | D:2      | Slain by a hobgoblin

Action                   |  1- 3 |  4- 6 || total
-------------------------+-------+-------++-------
Melee: Short sword       |    28 |    11 ||    39
 Cast: Magic Dart        |    60 |    21 ||    81
       Repel Missiles    |     1 |       ||     1
  Use: Scroll            |     9 |       ||     9
 Stab: Sleeping          |     3 |       ||     3
  Eat: Chunk             |     3 |     1 ||     4
